 Dungeon Crawl Stone Soup version 0.19.0 (webtiles) character file.

5296 Jraekied the Lightning Rod (level 10, -3/82 HPs)
             Began as a Demonspawn Gladiator on Nov 21, 2016.
             Was a Follower of Qazlal.
             Slain by a large abomination (24 damage)
             ... on level 1 of the Abyss.
             The game lasted 00:24:32 (8414 turns).

Jraekied the Lightning Rod (Demonspawn Gladiator)   Turns: 8414, Time: 00:24:33

Health: -3/82      AC:  6    Str: 18      XL:     10   Next: 37%
Magic:  0/17       EV: 12    Int: 13 (14) God:    Qazlal [*.....]
Gold:   712        SH:  2    Dex: 14      Spells: 0 memorised, 9 levels left

rFire  . . .     SeeInvis .     X - +1 great sword
rCold  + + .     Gourm    .     R - +1 ring mail {rC+}
rNeg   . . .     Faith    .     (shield currently unavailable)
rPois  +         Spirit   +     (helmet restricted)
rElec  +         Reflect  .     (no cloak)
rCorr  .         Harm     .     (no gloves)
MR     .....                    (no boots)
Stlth  +.........               u - amulet of magic regeneration
                                y - ring of poison resistance
                                e - ring of protection from cold

@: about to teleport, slowed, very slow
A: claws 1, horns 1, clever 2, deterioration 2, regeneration 1, electricity
resistance, spiny 2, magic shield
a: Renounce Religion


You were on level 1 of the Abyss.
You worshipped Qazlal.
Qazlal was aware of your devotion.
You were very hungry.

You visited 2 branches of the dungeon, and saw 9 of its levels.
You visited the Abyss 1 time.
You also visited: Sewer and Ossuary.

You collected 712 gold pieces.

Inventory:

Hand Weapons
 a - a +1 long sword
 b - a +2 hunting sling of velocity
 X - a +1 great sword (weapon)
Missiles
 g - 251 stones (quivered)
 T - 42 sling bullets
Armour
 c - a +0 helmet
 i - the cursed +0 scale mail of the Blizzard {Int+3}
   (You found it on level 5 of the Dungeon)

   It affects your intelligence (+3).
   It has a curse placed upon it.
 j - a +0 ring mail
 t - a +0 chain mail
 B - a +0 buckler
 R - a +1 ring mail of cold resistance (worn)
 S - a +0 leather armour
Magical Staves
 P - an uncursed staff of earth
Jewellery
 e - a ring of protection from cold (left claw)
 h - an uncursed ring of stealth
 r - an uncursed ring of wizardry
 u - an amulet of magic regeneration (around neck)
 y - a ring of poison resistance (right claw)
 z - an uncursed amulet of harm
 J - an uncursed ring of see invisible
 K - an uncursed ring of protection from fire {unknown}
 N - a +3 amulet of reflection {unknown}
 O - an uncursed amulet of the gourmand {unknown}
Wands
 o - a wand of lightning (8/15)
 M - a wand of teleportation (4/9)
 Q - a wand of iceblast (4/15)
 V - a wand of digging (10/24)
Scrolls
 k - a scroll of amnesia
 p - a scroll of fear
 w - 6 scrolls of remove curse
 D - a scroll of noise
 U - a scroll of identify
 W - a scroll of magic mapping
Potions
 m - a potion of degeneration
 n - a potion of brilliance
 s - a potion of lignification
 v - a potion of agility
 A - 3 potions of heal wounds
 C - 5 potions of curing
 E - 3 potions of might
 F - a potion of magic
 G - 6 potions of flight
Books
 L - a book of Maledictions

   Spells                             Type                      Level
   a - Corona                         Hexes                        1
   b - Ensorcelled Hibernation        Hexes/Ice                    2
   c - Confuse                        Hexes                        3
   d - Tukima's Dance                 Hexes                        3
   e - Dazzling Spray                 Conjuration/Hexes            3
 Z - a book of Spatial Translocations

   Spells                             Type                      Level
   a - Blink                          Translocation                2
   b - Shroud of Golubria             Charms/Translocation         2
   c - Lesser Beckoning               Translocation                3
   d - Portal Projectile              Translocation                3
   e - Teleport Other                 Translocation                3
   f - Passage of Golubria            Translocation                4
Comestibles
 d - 2 meat rations
 f - 8 bread rations
 q - a slice of pizza
 x - 3 fruits
 H - 2 beef jerkies
 I - a royal jelly
 Y - 4 chunks of flesh


   Skills:
 + Level 8.7 Fighting
 + Level 9.0 Long Blades
 - Level 1.8 Throwing
 - Level 2.8 Dodging
 - Level 4.7 Shields
 * Level 9.4 Invocations


You had 9 spell levels left.
You didn't know any spells.

Dungeon Overview and Level Annotations

Branches:
Dungeon (8/15)             Temple (1/1) D:6
   Lair: D:8-11

Altars:
Ashenzari
Cheibriados
Dithmenos
Elyvilon
Fedhas
Gozag
Kikubaaqudgha
Makhleb
Nemelex Xobeh
Okawaru
Qazlal
Ru
Sif Muna
Trog
Uskayaw
Vehumet
Xom
Yredelemnul
Zin
The Shining One

Shops:
D:4 (   D:8 *

Annotations:
D:8 Psyche


Innate Abilities, Weirdness & Mutations

You have sharp fingernails.
You are mostly covered in sharp spines.
When hurt, damage is shared between your health and your magic reserves.
You have a pair of small horns on your head.
Your mind is very acute. (Int +4)
Your natural rate of healing is unusually fast.
You are resistant to electric shocks. (rElec)
[Your body often deteriorates upon taking damage.]


Message History

The large abomination is struck by your spines.
The large abomination hits you but does no damage.
A tentacled starspawn comes into view.
A ynoxinul comes into view.
The ynoxinul moves out of view.
The wraith hits you!
* * * LOW HITPOINT WARNING * * *
The wraith drains your vigour!
You feel as though you will be slow longer.
The large abomination is struck by lightning.
The large abomination hits you.
* * * LOW HITPOINT WARNING * * *
You hear a bellow!
A starspawn tentacle comes into view.
As you read the scroll of teleportation, it crumbles to dust.
You feel strangely unstable.
You feel the power of the Abyss delaying your translocation!
The wraith misses you. The rust devil barely misses you.
The large abomination is struck by lightning.
The large abomination hits you!!
You die...

###.#.. ##.#
#....##.#..# . .
#...##....##.#
.3#
##..##.......#
.─X#..#..#...#..#
##..#...........#
#──....####..#.#
#V#.w.WX#.....#
.#
..#...4@.....## #
#...§.#...##
###..###'## ..###
.# ##. # #. #.


You could see a tentacled starspawn, a large abomination, a rust devil, a
ynoxinul, a wraith and a starspawn tentacle.

Vanquished Creatures
  Joseph (D:8)
  Grinder (D:3)
  5 blink frogs (Abyss:1)
  2 small abominations (Abyss:1)
  A spriggan (D:7)
  Sigmund (D:5)
  Eustachio (D:5)
  A chaos spawn (Abyss:1)
  Menkaure (D:5)
  2 ice beasts (D:8)
  An orc warrior (D:8)
  3 phantoms
  A sky beast (D:7)
  4 ogres
  3 centaurs
  2 big kobolds
  Blork the orc (D:6)
  A wyvern skeleton (D:6)
  A howler monkey (D:4)
  8 wights (D:8)
  3 crimson imps
  2 hounds
  2 jellies
  A centaur skeleton (D:5)
  An orc priest (D:8)
  2 orc wizards
  Jessica (D:2)
  A bullfrog skeleton (D:6)
  3 iguanas
  Ijyb (D:2)
  5 worker ants
  A big kobold zombie (Ossuary)
  A hound zombie (D:7)
  2 hound skeletons (D:4)
  8 mummies (Ossuary)
  A howler monkey skeleton (D:5)
  A worker ant zombie (D:6)
  Robin (D:2)
  8 adders
  3 river rats
  2 shadow imps (D:5)
  An ufetubus (Abyss:1)
  An ooze (D:7)
  An adder skeleton (D:7)
  2 adder zombies (D:5)
  3 worms
  2 dart slugs (D:2)
  3 leopard geckos
  9 orcs
  2 bats
  8 giant cockroaches
  2 gnoll zombies (Ossuary)
  10 hobgoblins
  8 jackals
  18 kobolds
  5 quokkas
  4 ball pythons
  3 frilled lizards
  12 goblins
  3 kobold zombies (Ossuary)
  2 orc zombies (Ossuary)
  8 rats
  A lurking horror (Abyss:1)
199 creatures vanquished.

Vanquished Creatures (others)
  12 starspawn tentacles (Abyss:1)
12 creatures vanquished.

Grand Total: 211 creatures vanquished

Notes
Turn   | Place    | Note
-------+----------+-------------------------------------------
     0 | D:1      | Jraekied the Demonspawn Gladiator began the quest for the Orb.
     0 | D:1      | Reached XP level 1. HP: 16/16 MP: 1/1
   206 | D:1      | Gained mutation: When hurt, damage is shared between your health and your magic reserves. [demonic ancestry]
   206 | D:1      | Reached XP level 2. HP: 8/22 MP: 2/2
  1063 | D:2      | Gained mutation: You are partially covered in sharp spines. [demonic ancestry]
  1063 | D:2      | Reached XP level 3. HP: 10/28 MP: 3/3
  1100 | D:2      | Noticed Robin
  1509 | D:2      | Killed Robin
  1535 | D:2      | Noticed Ijyb
  1565 | D:2      | Killed Ijyb
  1565 | D:2      | Reached XP level 4. HP: 24/35 MP: 4/4
  1778 | D:2      | Noticed Jessica
  1786 | D:2      | Killed Jessica
  2182 | D:3      | Reached XP level 5. HP: 42/42 MP: 5/5
  2259 | D:3      | Noticed Grinder
  2269 | D:3      | Paralysed by Grinder for 3 turns
  2283 | D:3      | Paralysed by Grinder for 3 turns
  2286 | D:3      | Killed Grinder
  2286 | D:3      | Reached XP level 6. HP: 6/50 MP: 2/6
  2623 | D:3      | Reached skill level 5 in Fighting
  2623 | D:3      | Reached skill level 5 in Long Blades
  2919 | D:4      | Found a stormy altar of Qazlal.
  2932 | D:4      | Reached skill level 1 in Shields
  2934 | D:4      | Gained mutation: Your mind is acute. (Int +2) [potion of mutation]
  2934 | D:4      | Gained mutation: Your natural rate of healing is unusually fast. [potion of mutation]
  2934 | D:4      | Gained mutation: You have an increased reservoir of magic. (+10% MP) [potion of mutation]
  2935 | D:4      | Gained mutation: You have a pair of small horns on your head. [potion of mutation]
  2935 | D:4      | Gained mutation: You are resistant to electric shocks. (rElec) [potion of mutation]
  2935 | D:4      | Lost mutation: You have an increased reservoir of magic. (+10% MP) [potion of mutation]
  2959 | D:4      | Reached XP level 7. HP: 54/56 MP: 7/7
  2960 | D:4      | Found Lomul's Weapon Emporium.
  3041 | D:4      | You fall through a shaft!
  3041 | D:5      | Entered Level 5 of the Dungeon
  3074 | D:5      | Found a glowing drain.
  3117 | D:5      | Noticed Sigmund
  3125 | D:5      | Killed Sigmund
  3135 | D:5      | Got a slimy scale mail
  3176 | D:5      | Found a sand-covered staircase.
  3185 | Ossuary  | Entered an ossuary
  3186 | Ossuary  | Identified the cursed +0 scale mail of the Blizzard {Int+3} (You found it on level 5 of the Dungeon)
  3530 | Sewer    | Entered a sewer
  3609 | Sewer    | Gained mutation: You have sharp fingernails. [demonic ancestry]
  3609 | Sewer    | Reached XP level 8. HP: 50/62 MP: 6/8
  3634 | Sewer    | Found a white marble altar of Elyvilon.
  3712 | D:5      | Noticed Eustachio
  3739 | D:5      | Killed Eustachio
  4178 | D:5      | Noticed Menkaure
  4186 | D:5      | Killed Menkaure
  4261 | D:5      | You fall through a shaft for 3 floors!
  4261 | D:8      | Noticed Joseph
  4449 | D:6      | Found a staircase to the Ecumenical Temple.
  4467 | Temple   | Entered the Ecumenical Temple
  5578 | D:4      | Gained mutation: Your mind is very acute. (Int +4) [potion of beneficial mutation]
  5585 | D:4      | Became a worshipper of Qazlal Stormbringer
  6237 | D:6      | Reached skill level 1 in Invocations
  6238 | D:6      | Noticed Blork the orc
  6247 | D:6      | Killed Blork the orc
  6247 | D:6      | Reached XP level 9. HP: 36/72 MP: 5/10
  7047 | D:7      | Found a shadowy altar of Dithmenos.
  7158 | D:7      | Reached * piety under Qazlal
  7258 | D:7      | Reached skill level 5 in Invocations
  7390 | D:8      | Found Pynt's General Store.
  7576 | D:8      | Killed Joseph
  7964 | D:8      | Gained mutation: You are mostly covered in sharp spines. [demonic ancestry]
  7964 | D:8      | Reached XP level 10. HP: 80/80 MP: 13/15
  8016 | D:8      | Noticed Psyche
  8021 | D:8      | Cast into level 1 of the Abyss (Psyche)
  8021 | Abyss:1  | Found a corrupted altar of Lugonu.
  8065 | Abyss:1  | Noticed a tentacled starspawn
  8106 | Abyss:1  | Noticed a wretched star
  8231 | Abyss:1  | Noticed a large abomination
  8235 | Abyss:1  | Noticed a large abomination
  8333 | Abyss:1  | Found a corrupted altar of Lugonu.
  8366 | Abyss:1  | Noticed a wretched star
  8373 | Abyss:1  | Noticed an orange demon
  8411 | Abyss:1  | Noticed a rust devil
  8412 | Abyss:1  | Noticed a tentacled starspawn
  8414 | Abyss:1  | Slain by a large abomination

Skill      XL: |  1  2  3  4  5  6  7  8  9 10 |
---------------+-------------------------------+-----
Long Blades    | 3 4 5 6 7 8 9 |  9.0
Fighting       | 3 4 5 7 8 |  8.7
Shields        | 2 4 |  4.7
Invocations    | 1 7 9 |  9.4
Throwing       | |  1.8
Dodging        | |  2.8

Action                   |  1- 3 |  4- 6 |  7- 9 | 10-12 || total
-------------------------+-------+-------+-------+-------++-------
Melee: Long sword        |    91 |    84 |   339 |       ||   514
       Headbutt          |       |     3 |    85 |     5 ||    93
       Great sword       |       |       |     9 |    33 ||    42
 Fire: Hunting sling     |       |       |    30 |       ||    30
Throw: Stone             |    16 |       |    11 |     2 ||    29
       Throwing net      |     2 |       |     2 |       ||     4
  Use: Potion            |       |     6 |     7 |     2 ||    15
       Scroll            |       |     4 |    16 |     3 ||    23
  Eat: Chunk             |     2 |     5 |     2 |       ||     9
       Meat ration       |       |       |     2 |       ||     2
       Bread ration      |       |       |     1 |       ||     1
Armor: Ring mail         |    44 |    30 |    74 |    22 ||   170
Dodge: Dodged            |    58 |    43 |   167 |    51 ||   319
Block: Buckler           |       |     3 |    80 |       ||    83
       Other             |       |       |       |    11 ||    11
       Rpst.: Long sword |    12 |    11 |    40 |       ||    63
       Great sword       |       |       |     2 |    11 ||    13
